 Dungeon Crawl Stone Soup version 0.28-a0-1518-gbe868bca14 (webtiles) character file.

Game seed: 2768356449791799724

652 miscthings the Ruffian (level 7, -2/53 HPs)
             Began as a Demigod Transmuter on Jan 16, 2022.
             Slain by a vampire (10 damage)
             ... on level 5 of the Dungeon.
             The game lasted 00:08:40 (5212 turns).

miscthings the Ruffian (Demigod Transmuter)         Turns: 5212, Time: 00:08:40

Health: -2/53      AC: 10    Str: 19    XL:     7   Next: 7%
Magic:  14/14      EV: 10    Int: 15    God:
Gold:   177        SH:  0    Dex: 14    Spells: 2/12 levels left

rFire   . . .      SeeInvis .     - Unarmed
rCold   . . .      Faith    .   (no shield)
rNeg    . . .      Spirit   .   i - +0 scale mail
rPois   .          Reflect  .   (no helmet)
rElec   .          Harm     .   j - +0 cloak
rCorr   .          Rampage  .   (no gloves)
Will    +....                   o - +2 pair of boots
Stlth   ..........              (no amulet)
HPRegen 0.17/turn               g - ring of willpower
MPRegen 0.14/turn               (no ring)

@: no status effects
A: high mp 1, forlorn, divine attributes
a: no special abilities


You were on level 5 of the Dungeon.
You visited 1 branch of the dungeon, and saw 5 of its levels.

You collected 177 gold pieces.

Inventory:

Missiles
 h - a throwing net (quivered)
 p - a javelin
Armour
 i - a +0 scale mail (worn)
 j - a +0 cloak (worn)
 o - a +2 pair of boots (worn)
 q - a scarf of invisibility
Jewellery
 g - a ring of willpower (left hand)
Scrolls
 a - a scroll of immolation {unknown}
 c - 3 scrolls of teleportation {unknown}
 e - 2 scrolls of identify {@r1}
 f - 2 scrolls of enchant weapon {unknown}
 n - a scroll of holy word {unknown}
 r - a scroll of enchant armour {unknown}
 s - a scroll of noise {unknown}
Potions
 b - a potion of flight {unknown}
 d - a potion of degeneration {unknown}
 k - a potion of might {unknown}
 l - a potion of lignification {unknown}


   Skills:
 + Level 1.8 Fighting
 * Level 2.0 Throwing
 + Level 2.2 Armour
 + Level 2.5 Dodging
 - Level 0.3 Stealth
 + Level 4.9 Unarmed Combat
 + Level 3.1 Spellcasting
 + Level 3.0 Transmutations
 * Level 0.1 Ice Magic
 * Level 0.3 Poison Magic


You had 2 spell levels left.
You knew the following spells:

 Your Spells              Type           Power      Damage    Failure   Level
a - Beastly Appendage     Tmut           22%        N/A       17%         1
b - Wereblood             Tmut           11%        N/A       26%         2
c - Spider Form           Tmut/Pois      7%         N/A       65%         3
d - Ice Form              Ice/Tmut       7%         N/A       97%         4

Your spell library contained the following spells:

 Spells                   Type           Power      Damage    Failure   Level
 Apportation              Tloc           4%         N/A       52%         1
 Alistair's Intoxication  Tmut/Pois      4%         N/A       100%        5


Dungeon Overview and Level Annotations

Branches:
Dungeon (5/15)             Temple (0/1) D:4


Innate Abilities, Weirdness & Mutations

You have an increased reservoir of magic. (+10% MP)
You shall have no god before yourself.
Your divine heritage dramatically boosts your attributes as you level up.


Message History

The vampire is moderately damaged.
The vampire closely misses you. The vampire bites you.
The vampire draws strength from your injuries!
Throw: 2 throwing nets
Press: ? - help, Q - select action, (/) - cycle Shift-Dir - straight line, f/p - vampire
Aim: a vampire (moderately damaged, 59% to hit)
You throw a throwing net.
The throwing net barely misses the vampire.
The vampire hits you. The vampire closely misses you.
Throw: throwing net
Press: ? - help, Q - select action, (/) - cycle Shift-Dir - straight line, f/p - vampire
Aim: a vampire (moderately damaged, 59% to hit)
You throw a throwing net.
The throwing net closely misses the vampire.
Your transformation is almost over.
The vampire completely misses you. The vampire barely misses you.
The vampire hits you. The vampire bites you!
* * * LOW HITPOINT WARNING * * *
The vampire draws strength from your injuries!
The vampire hits you.
* * * LOW HITPOINT WARNING * * *
The vampire bites you.
* * * LOW HITPOINT WARNING * * *
The vampire draws strength from your injuries!
You feel better.
The vampire hits you but does no damage.
The vampire bites you but does no damage.
You see here 2 throwing nets.
h - 2 throwing nets Your horns disappear.
Your talons disappear.
Your +2 pair of boots unmelds from your body.
The vampire hits you but does no damage.
The vampire barely misses you.
Throw: 2 throwing nets
Press: ? - help, Q - select action, (/) - cycle Shift-Dir - straight line, f/p - vampire
Aim: a vampire (59% to hit)
You throw a throwing net.
The throwing net barely misses the vampire.
The vampire hits you!
You die...

##...#........#
###..####.......# .. ### ##..###
##......## #.. ..###...##
##.......# .. #.
.........###....#...## .# ...
...............##....# ##.##.#
##.....#......####...####.....##
#.....###(...###......#.......#
#.#...####(..).@V.....(........#
####...# ##.....###..##..######.
#...####..#####...###..# #
##...##..## #..## #..## #
#...##..## #..# ##..##
#........# ##.# ##..# #
##....#### ### #..#### ##...###
##..##. #..### #.....


You could see a vampire.

Vanquished Creatures
  A sky beast (D:4)
  An ogre (D:5)
  A scorpion (D:4)
  A water moccasin zombie (D:5)
  2 jellies
  2 bullfrog zombies (D:5)
  2 iguanas
  A hound zombie (D:5)
  3 gnolls (D:2)
  4 adders
  A shadow imp (D:5)
  An ufetubus (D:5)
  A dart slug (D:2)
  10 orcs
  10 ball pythons
  8 endoplasms
  2 giant cockroaches
  9 goblins
  7 hobgoblins
  5 quokkas
  2 bats
  3 frilled lizards
  8 kobolds
  7 rats
92 creatures vanquished.

Notes
Turn   | Place    | Note
-------+----------+-------------------------------------------
     0 | D:1      | miscthings the Demigod Transmuter began the quest for the
                  | Orb.
     0 | D:1      | Reached XP level 1. HP: 15/15 MP: 5/5
    35 | D:1      | Reached skill level 3 in Unarmed Combat
   182 | D:1      | Reached XP level 2. HP: 20/22 MP: 5/7
   758 | D:2      | Reached XP level 3. HP: 20/27 MP: 6/8
  1091 | D:2      | Learned a level 2 spell: Wereblood
  1095 | D:2      | Learned a level 3 spell: Spider Form
  1102 | D:2      | Found Tyrah's Book Boutique.
  1746 | D:3      | Reached skill level 1 in Fighting
  1746 | D:3      | Reached XP level 4. HP: 35/35 MP: 6/10
  3161 | D:4      | Reached skill level 1 in Armour
  3161 | D:4      | Reached XP level 5. HP: 31/40 MP: 11/11
  3183 | D:4      | Reached skill level 4 in Unarmed Combat
  3271 | D:4      | Noticed an ice beast
  3296 | D:5      | Entered Level 5 of the Dungeon
  3311 | D:5      | Reached skill level 1 in Throwing
  3474 | D:5      | Noticed an ogre
  3880 | D:5      | Reached XP level 6. HP: 38/47 MP: 9/13
  4172 | D:5      | Noticed a vampire
  4587 | D:4      | Found a staircase to the Ecumenical Temple.
  4857 | D:4      | Learned a level 4 spell: Ice Form
  5002 | D:5      | Reached XP level 7. HP: 45/52 MP: 14/14
  5205 | D:5      | HP: 1/53 [vampire (3)]
  5212 | D:5      | Slain by a vampire

Illustrated notes

Levels and vault maps discovered:
D:1:      nicolae_arrival_somewhat_less_tricky_arrival, layout_rooms
D:2:      layout_loops_ring, serial_shops, shop, nicolae_ecumenical_lake_church,
          chequers_serial_rivers_micro_b, minmay_split_cup_small
D:3:      minmay_spotlight, layout_basic, mainiacjoe_overflow_alcove_1
D:4:      layout_loops_ring, chequers_temple_overflow_minitemple,
          minmay_temple_entry_glass
D:5:      layout_layer_cave, nicolae_overflow_hidden_temple,
          supply_closet_lemuel, minmay_strange_pillars,
          nicolae_figureground_sparkle

Skill      XL: |  1  2  3  4  5  6 |
---------------+-------------------+-----
Unarmed Combat | 3 4 |  4.9
Transmutations | 2 3 |  3.0
Dodging        | 2 |  2.5
Spellcasting   | 2 3 |  3.1
Fighting       | 1 |  1.8
Armour         | 1 2 |  2.2
Throwing       | 1 2 |  2.0
Stealth        | |  0.3
Ice Magic      | |  0.1
Poison Magic   | |  0.3

Action                   |  1- 3 |  4- 6 |  7- 9 || total
-------------------------+-------+-------+-------++-------
Melee: Unarmed           |   113 |   204 |    15 ||   332
       Kick              |    15 |    30 |     6 ||    51
       Headbutt          |    10 |    21 |     4 ||    35
       Punch             |     3 |     8 |       ||    11
Throw: Javelin           |       |       |     5 ||     5
       Throwing net      |       |       |     3 ||     3
 Cast: Beastly Appendage |    17 |    18 |     2 ||    37
  Use: Scroll            |       |     1 |       ||     1
       Potion            |       |       |     1 ||     1
Armor: Robe              |     5 |       |       ||     5
       Scale mail        |    14 |    82 |     5 ||   101
Dodge: Dodged            |    60 |    84 |    12 ||   156

Table legend: (Time is in decaauts)
 A = Elapsed time spent in this place.
 B = Non-inter-level travel time spent in this place.
 C = Inter-level travel time spent in this place.
 D = Time resting spent in this place.
 E = Time spent auto-exploring this place.
 F = Levels seen in this place.
 G = Mean time per level.
                   A        B        C        D        E       F      G
               +--------+--------+--------+--------+--------+-----+--------+
         Total |   5190 |   5089 |    101 |   1394 |   2521 |   5 | 1038.0 |
       Dungeon |   5190 |   5089 |    101 |   1394 |   2521 |   5 | 1038.0 |
               +--------+--------+--------+--------+--------+-----+--------+

Top non-repeatable levels by time:
     D:4: 1219 daAuts
     D:2: 1200 daAuts
     D:3: 1163 daAuts
     D:5: 1088 daAuts
     D:1: 517 daAuts
